 Dungeon Crawl Stone Soup version 0.20.1-1-g8b1a95d (webtiles) character file.

3028 Trendyboy the Covert (level 9, -6/136 HPs)
             Began as a Naga Berserker on Sept 20, 2017.
             Was an Elder of Trog.
             Mangled by an orc warrior
             ... wielding a +0 glaive
              (20 damage)
             ... on level 7 of the Dungeon.
             The game lasted 00:34:26 (8380 turns).

Trendyboy the Covert (Naga Berserker)               Turns: 8380, Time: 00:34:27

Health: -6/136     AC: 15    Str: 27    XL:     9   Next: 86%
Magic:  9/9        EV: 11    Int:  8    God:    Trog [****..]
Gold:   197        SH:  0    Dex: 14    Spells: 8/8 levels left

rFire    . . .     SeeInvis +   E - +0 long sword (protect)
rCold    . . .     Gourm    .   (no shield)
rNeg     . . .     Faith    .   n - +1 leather armour
rPois    +         Spirit   .   (no helmet)
rElec    .         Reflect  .   s - +2 cloak
rCorr    .         Harm     .   (no gloves)
MR       +++..                  (no barding)
Stlth    ..........             (no amulet)
Regen    1.4/turn               m - +3 ring of dexterity
MPRegen  0.2/turn               C - ring of flight

@: berserking, protection aura, regenerating, drained, quick
A: see invisible, deformed body, poison resistance, slowness 2, slow metabolism
1, spit poison 1, AC +3
a: Spit Poison, Berserk, Trog's Hand, Brothers in Arms, Burn Spellbooks,
Renounce Religion, Evoke Flight


You were on level 7 of the Dungeon.
You worshipped Trog.
Trog was greatly pleased with you.
You were not hungry.

You visited 1 branch of the dungeon, and saw 7 of its levels.
You also visited: Sewer.

You collected 257 gold pieces.
You spent 60 gold pieces at shops.

Inventory:

Hand Weapons
 a - a +0 falchion
 o - a +0 falchion
 z - a -2 scimitar
 E - a +0 long sword of protection (weapon)
 G - a +0 rapier
 J - a +0 great sword
 K - a +0 flail
 N - a +0 falchion
Missiles
 A - a poisoned javelin (quivered)
 I - 5 silver javelins
Armour
 b - a +0 animal skin
 n - a +1 leather armour (worn)
 s - a +2 cloak (worn)
Jewellery
 m - a +3 ring of dexterity (left hand)
 r - an uncursed ring of ice
 u - an uncursed ring of see invisible
 C - a ring of flight (right hand)
 H - an uncursed ring of loudness
Wands
 h - a wand of clouds (2/9)
 q - a wand of disintegration (13/24)
 M - a wand of enslavement (10/24)
Scrolls
 d - 4 scrolls of teleportation
 e - a scroll of noise {unknown}
 g - 4 scrolls of remove curse
 i - a scroll of enchant armour
 k - a scroll of immolation
 l - a scroll of blinking {unknown}
 p - 2 scrolls of magic mapping
 t - a scroll of amnesia
 y - 3 scrolls of fear
 L - a scroll of identify
Potions
 c - 3 potions of lignification
 f - 3 potions of curing
 j - 3 potions of brilliance
 w - a potion of agility {unknown}
 x - a potion of haste
 B - a potion of mutation {unknown}
 D - 2 potions of might
 F - a potion of ambrosia {unknown}
Comestibles
 v - a fruit


   Skills:
 * Level 9.0(8.6) Fighting
 - Level 5.2(4.8) Long Blades
 - Level 0.1(0.0) Throwing
 * Level 3.0(2.7) Armour
 * Level 4.1(3.8) Dodging
 - Level 11.4(11.0) Stealth


You had 8 spell levels left.
You didn't know any spells.

Dungeon Overview and Level Annotations

Branches:
Dungeon (7/15)             Temple (0/1) D:4

Altars:
Dithmenos
Elyvilon
Fedhas
Gozag
Okawaru
Qazlal
Sif Muna
Trog
Uskayaw
Yredelemnul
Zin
The Shining One

Shops:
D:5 *


Innate Abilities, Weirdness & Mutations

You cannot wear boots.
Your serpentine skin is tough. (AC +3)
You have supernaturally acute eyesight. (SInv)
Armour fits poorly on your strangely shaped body.
Your system is resistant to poisons. (rPois)
You cover ground very slowly.
You have a slow metabolism.
You can spit poison.


Message History

You see here a bullfrog corpse.
The orc warrior hits you but does no damage.
You are too injured to fight recklessly!
You are too injured to fight recklessly!
You are too injured to fight recklessly!
You are too injured to fight recklessly!
You hit the orc warrior but do no damage.
The orc warrior hits you with a glaive!
* * * LOW HITPOINT WARNING * * *
You hit the orc warrior but do no damage.
The orc warrior hits you with a glaive.
* * * LOW HITPOINT WARNING * * *
You feel better.
You closely miss the orc warrior. The orc warrior hits you with a glaive!
* * * LOW HITPOINT WARNING * * *
A red film seems to cover your vision as you go berserk!
You feel yourself moving faster!
You feel mighty!
You feel quite a bit more hungry.
The orc warrior hits you with a glaive!!
You die...

#.. #.# #.. ..# #.. #.#
##.. (.. #... #)## ##)).
#.. ##...# #.###(###.#
###)...#
#...o@....#####......#
..#####†#####........#.#
...................#.#.#
...##..........#####.#.#
........#.............#
#....####.#########.###
##... #.#######......
#... ..........#.###
##.. ############.###


You could see an orc warrior.

Vanquished Creatures
  The ghost of Gargoyl the Covered, a novice MiAK of Lugonu (D:6)
  Menkaure (D:4)
  A water moccasin (D:6)
  The ghost of Arsonius the Sneak, an amateur VSEn of Elyvilon (D:5)
  2 sky beasts (D:5)
  An ice beast (D:7)
  An orc warrior (D:5)
  A phantom (D:6)
  An ogre (D:6)
  A centaur (D:6)
  3 bullfrogs (D:7)
  2 scorpions
  5 wights
  A howler monkey (D:6)
  A crimson imp (D:6)
  4 hounds
  A gnoll shaman (D:6)
  2 orc priests
  A centaur skeleton (D:7)
  3 orc wizards
  4 iguanas
  8 worker ants
  19 gnolls
  8 adders
  A river rat (D:4)
  A shadow imp (D:7)
  An ooze (D:4)
  An adder skeleton (D:5)
  2 worms
  A dart slug (D:2)
  7 leopard geckos
  34 orcs
  11 bats
  5 giant cockroaches
  10 goblins
  7 hobgoblins
  A jackal (D:3)
  3 quokkas
  10 ball pythons
  A ball python skeleton (D:4)
  13 frilled lizards
  9 kobolds
  A leopard gecko skeleton (D:4)
  A quokka zombie (D:6)
  9 rats
202 creatures vanquished.

Notes
Turn   | Place    | Note
-------+----------+-------------------------------------------
     0 | D:1      | Trendyboy the Naga Berserker began the quest for the Orb.
     0 | D:1      | Reached XP level 1. HP: 21/21 MP: 1/1
   249 | D:1      | Reached skill level 1 in Stealth
   249 | D:1      | Reached XP level 2. HP: 25/28 MP: 2/2
   726 | D:1      | Reached XP level 3. HP: 31/34 MP: 3/3
  1157 | D:2      | Reached ** piety under Trog
  1743 | D:2      | Reached XP level 4. HP: 38/42 MP: 4/4
  1883 | D:2      | Found a bloodstained altar of Trog.
  1883 | D:2      | Found a glowing silver altar of Zin.
  1883 | D:2      | Found an opulent altar of Gozag.
  1883 | D:2      | Found an iron altar of Okawaru.
  1895 | D:2      | Found a white marble altar of Elyvilon.
  1902 | D:2      | Found a basalt altar of Yredelemnul.
  2116 | D:3      | Reached skill level 2 in Stealth
  2358 | D:3      | Reached XP level 5. HP: 49/49 MP: 5/5
  2417 | D:3      | Reached skill level 3 in Stealth
  2575 | D:3      | Reached skill level 5 in Long Blades
  2877 | D:3      | Reached skill level 4 in Stealth
  3324 | D:4      | Reached XP level 6. HP: 54/57 MP: 6/6
  3358 | D:4      | Found a glowing drain.
  3401 | Sewer    | Entered a sewer
  3439 | Sewer    | Reached *** piety under Trog
  3752 | D:4      | Found a staircase to the Ecumenical Temple.
  3756 | D:4      | Noticed Menkaure
  3764 | D:4      | Killed Menkaure
  3764 | D:4      | Reached skill level 5 in Stealth
  3773 | D:4      | Found a hide-covered altar of Uskayaw.
  3803 | D:4      | Reached XP level 7. HP: 48/66 MP: 7/7
  3955 | D:4      | Found a deep blue altar of Sif Muna.
  3989 | D:4      | Reached skill level 6 in Stealth
  4009 | D:4      | Found a glowing golden altar of the Shining One.
  4477 | D:5      | Entered Level 5 of the Dungeon
  4479 | D:5      | Noticed Arsonius's ghost (amateur VSEn)
  4565 | D:5      | Found a shadowy altar of Dithmenos.
  4602 | D:5      | Reached skill level 5 in Fighting
  4704 | D:5      | Reached skill level 7 in Stealth
  4797 | D:5      | Found Uptoc's General Store.
  4810 | D:5      | Bought a potion of might for 60 gold pieces
  4836 | D:5      | Reached XP level 8. HP: 74/74 MP: 8/8
  5040 | D:5      | Reached skill level 8 in Stealth
  5120 | D:5      | Killed Arsonius's ghost
  5120 | D:5      | Reached skill level 9 in Stealth
  5554 | D:6      | Noticed Gargoyl's ghost (novice MiAK)
  5572 | D:6      | HP: 2/76 [Gargoyl's ghost (13)]
  5573 | D:6      | Killed Gargoyl's ghost
  5573 | D:6      | Reached skill level 11 in Stealth
  5573 | D:6      | Reached XP level 9. HP: 2/86 MP: 9/9
  6403 | D:6      | Reached **** piety under Trog
  6560 | D:6      | Found a blossoming altar of Fedhas.
  6569 | D:6      | Found a stormy altar of Qazlal.
  8380 | D:7      | Mangled by an orc warrior

Skill      XL: |  1  2  3  4  5  6  7  8  9 |
---------------+----------------------------+-----
Stealth        | 1 2 4 5 7 11 | 11.4
Long Blades    | 4 5 |  5.2
Fighting       | 4 5 7 9 |  9.0
Dodging        | 2 3 4 |  4.1
Armour         | 3 |  3.0
Throwing       | |  0.1

Action                   |  1- 3 |  4- 6 |  7- 9 || total
-------------------------+-------+-------+-------++-------
Melee: Falchion          |    78 |   172 |       ||   250
       Long sword        |       |    10 |   352 ||   362
       Great sword       |       |       |    22 ||    22
Throw: Javelin           |       |       |    28 ||    28
Invok: Berserk           |       |     3 |     6 ||     9
       Trog's Hand       |       |       |     2 ||     2
       Burn Spellbooks   |       |       |     1 ||     1
 Abil: Spit Poison       |    28 |    10 |    16 ||    54
       Evoke Flight      |       |     1 |     6 ||     7
  Use: Scroll            |     1 |     6 |     8 ||    15
       Potion            |       |       |     6 ||     6
 Stab: Sleeping          |     2 |     7 |    13 ||    22
       Distracted        |     1 |     1 |     2 ||     4
  Eat: Bread ration      |     1 |     2 |     1 ||     4
       Chunk             |       |     1 |       ||     1
       Royal jelly       |       |       |     2 ||     2
       Meat ration       |       |       |     2 ||     2
Armor: Animal skin       |    10 |       |       ||    10
       Leather armour    |     7 |    77 |   201 ||   285
Dodge: Dodged            |    41 |   109 |   243 ||   393
       Rpst.: Falchion   |    12 |    29 |       ||    41
       Long sword        |       |     3 |    65 ||    68
       Great sword       |       |       |     3 ||     3
